 Dungeon Crawl Stone Soup version 0.21.1-1-g345015f (webtiles) character file.

32 Monsterracer the Conjurer (level 2, 0/20 HPs)
             Began as a Demigod Wizard on Feb 14, 2018.
             Slain by an orc wizard
             ... wielding a +0 dagger
              (1 damage)
             ... on level 1 of the Dungeon on Feb 15, 2018.
             The game lasted 00:02:22 (1675 turns).

Monsterracer the Conjurer (Demigod Wizard)          Turns: 1675, Time: 00:02:23

Health: 0/20       AC:  2    Str: 10    XL:     2   Next: 96%
Magic:  2/8        EV: 12    Int: 22    God:
Gold:   79         SH:  0    Dex: 14    Spells: 3/6 levels left

rFire    . . .     SeeInvis .   m - +0 dagger
rCold    . . .     Gourm    .   (no shield)
rNeg     . . .     Faith    .   a - +0 robe
rPois    .         Spirit   .   b - +0 hat
rElec    .         Reflect  .   (no cloak)
rCorr    .         Harm     .   (no gloves)
MR       .....                  (no boots)
Stlth    +.........             (no amulet)
HPRegen  0.06/turn              (no ring)
MPRegen  0.11/turn              (no ring)

@: confused
A: high mp 1
a: no special abilities


You were on level 1 of the Dungeon.
You were not hungry.

You visited 1 branch of the dungeon, and saw 2 of its levels.

You collected 79 gold pieces.

Inventory:

Hand Weapons
 m - a +0 dagger (weapon)
Armour
 a - a +0 robe (worn)
 b - a +0 hat (worn)
 l - a +0 shield
Scrolls
 g - a scroll of amnesia {unknown}
 j - 2 scrolls of teleportation {unknown}
 k - a scroll of remove curse {unknown}
 n - 2 scrolls of identify {unknown}
Potions
 e - a potion of curing {unknown}
 f - a potion of degeneration {unknown}
 h - 3 potions of agility {unknown}
 i - a potion of might {unknown}
Books
 d - a book of Minor Magic

   Spells                             Type                      Level
   a - Magic Dart                     Conjuration                  1
   b - Blink                          Translocation                2
   c - Call Imp                       Summoning                    2
   d - Slow                           Hexes                        2
   e - Conjure Flame                  Conjuration/Fire             3
   f - Mephitic Cloud                 Conjuration/Poison/Air       3
Comestibles
 c - 3 rations
 o - 3 chunks of flesh


   Skills:
 - Level 1.7 Dodging
 - Level 1.7 Stealth
 - Level 2.6 Spellcasting
 + Level 2.8 Conjurations
   Level 0.8 Summonings
 - Level 0.8 Translocations


You had 3 spell levels left.
You knew the following spells:

 Your Spells              Type           Power        Failure   Level  Hunger
a - Magic Dart            Conj           ###.         4%          1    None
e - Blink                 Tloc           N/A          14%         2    ##.....


Dungeon Overview and Level Annotations

Branches:
Dungeon (2/15)


Innate Abilities, Weirdness & Mutations

You have an increased reservoir of magic. (+10% MP)


Message History

Things that are here:
a hand axe; an orc skeleton
There is a stone staircase leading down here.
You start resting.
Magic restored.
MP restored: 8 You start resting.
HP restored.
Health restored: 20 You climb downwards.
There is a stone staircase leading up here.
The orc wizard hits you with a dagger. The orc priest hits you.
You climb upwards.
There is a stone staircase leading down here.
You take 3 damage, and have 17/20 hp.
Casting: Magic Dart
Confirm with . or Enter, or press ? or * to list all spells.
Aiming: Magic Dart
Press: ? - help, Shift-Dir - straight line, f - orc wizard
Aim: an orc wizard, wielding a dagger and wearing a robe The magic dart hits the orc wizard.
The orc wizard hits you but does no damage.
You now have 7/8 mp.
Casting: Magic Dart
Confirm with . or Enter, or press ? or * to list all spells.
Aiming: Magic Dart
Press: ? - help, Shift-Dir - straight line, f/p - orc wizard
Aim: an orc wizard, wielding a dagger and wearing a robe The magic dart hits the orc wizard.
The orc wizard is lightly wounded.
The orc wizard barely misses you.
You now have 6/8 mp.
Casting: Magic Dart
Confirm with . or Enter, or press ? or * to list all spells.
Aiming: Magic Dart
Press: ? - help, Shift-Dir - straight line, f/p - orc wizard
Aim: an orc wizard, wielding a dagger and wearing a robe (lightly wounded)
The magic dart hits the orc wizard.
The orc wizard is lightly wounded.
The orc wizard misses you.
You now have 5/8 mp.
Casting: Magic Dart
Confirm with . or Enter, or press ? or * to list all spells.
Aiming: Magic Dart
Press: ? - help, Shift-Dir - straight line, f/p - orc wizard
Aim: an orc wizard, wielding a dagger and wearing a robe (lightly wounded)
The magic dart hits the orc wizard.
The orc wizard is heavily wounded.
The orc wizard barely misses you.
You now have 4/8 mp.
Casting: Magic Dart
Confirm with . or Enter, or press ? or * to list all spells.
Aiming: Magic Dart
Press: ? - help, Shift-Dir - straight line, f/p - orc wizard
Aim: an orc wizard, wielding a dagger and wearing a robe (heavily wounded)
The magic dart hits the orc wizard.
The orc wizard is severely wounded.
The orc wizard barely misses you.
You now have 3/8 mp.
Casting: Magic Dart
Confirm with . or Enter, or press ? or * to list all spells.
Aiming: Magic Dart
Press: ? - help, Shift-Dir - straight line, f/p - orc wizard
Aim: an orc wizard, wielding a dagger and wearing a robe (severely wounded)
The magic dart hits the orc wizard.
The orc wizard is severely wounded.
The orc wizard hits you with a dagger.
You take 2 damage, and have 15/20 hp.
You now have 2/8 mp.
Casting: Magic Dart
Confirm with . or Enter, or press ? or * to list all spells.
Aiming: Magic Dart
Press: ? - help, Shift-Dir - straight line, f/p - orc wizard
Aim: an orc wizard, wielding a dagger and wearing a robe (severely wounded)
The magic dart hits the orc wizard.
The orc wizard is almost dead.
The orc wizard points at you and mumbles some strange words.
You are confused.
You now have 1/8 mp.
The orc wizard hits you with a dagger.
You take 3 damage, and have 12/20 hp.
The orc wizard mumbles some strange words.
The orc wizard flickers and vanishes!
Deactivating autopickup; reactivate with Ctrl-A.
Things that are here:
a hand axe; an orc skeleton You completely miss something.
Something hits you but does no damage.
You bump into the rock wall.
Something hits you.
* * * LOW HITPOINT WARNING * * *
You take 3 damage, and have 9/20 hp.
You hit something but do no damage.
You hear some strange, mumbled words.
You are more confused.
You hit something but do no damage.
You hear some strange, mumbled words.
A puff of flame appears from out of thin air!
The puff of flame hits you!
* * * LOW HITPOINT WARNING * * *
You take 9 damage, and have 1/20 hp.
MASSIVE DAMAGE!!
You closely miss something. Something hits you.
You die...

# #.##.#.# #.##.#..####... ##
#.##.#.# ####.##.#......... .##
#..#.#.# #.......##.##....>
..####......####.##....##.#......
..'....................>..+......
..####....######.##....##.#......
.## ##.#.### #.##.......##.....
## #......# #>##.##.######.... #
#.##.#.# #@{.....# ##... #.##.#.#
####.#### ##'# #.##...# #.# #.#
######)###..# #.# #.#
....##.###..# #.# ##.#
###.##...)..# #.# ##...
###.######.## ###.### #....
...........# #.....# ####...
.........### #.....#####......


There were no monsters in sight!

Vanquished Creatures
  3 dart slugs
  An orc (D:1)
  A ball python (D:2)
  2 giant cockroaches (D:2)
  3 goblins
  3 hobgoblins
  A quokka (D:2)
  2 bats (D:1)
  3 frilled lizards
  A kobold (D:1)
  6 rats
26 creatures vanquished.

Notes
Turn   | Place    | Note
-------+----------+-------------------------------------------
     0 | D:1      | Monsterracer the Demigod Wizard began the quest for the Orb.
     0 | D:1      | Reached XP level 1. HP: 14/14 MP: 6/6
    19 | D:1      | Reached skill level 1 in Conjurations
   159 | D:1      | HP: 7/14 [dart slug (3)]
   540 | D:1      | Reached XP level 2. HP: 20/20 MP: 5/8
   577 | D:1      | Learned a level 2 spell: Blink
  1259 | D:2      | HP: 10/20 [quokka (3)]
  1477 | D:2      | HP: 9/20 [orc wizard/magic dart (8)]
  1672 | D:1      | HP: 9/20 [something (3)]
  1674 | D:1      | HP: 1/20 [something/puff of flame (9)]
  1675 | D:1      | Slain by an orc wizard

Skill      XL: |  1 |
---------------+----+-----
Conjurations   | 2 |  2.8
Dodging        | |  1.7
Stealth        | |  1.7
Spellcasting   | |  2.6
Summonings     | |  0.8
Translocations | |  0.8

Action                   || total
-------------------------++-------
Melee: Unarmed           ||     4
       Dagger            ||    13
 Cast: Magic Dart        ||    58
  Eat: Chunk             ||     2
Armor: Robe              ||     3
Dodge: Dodged            ||    21

Vault maps used:
D:1:      giann_bridges
D:2:      nrook_mini_vaults, cheibriados_altar_1
